TOP OF THE 1ST |
San Antonio Missions batting - Pitching for Round Rock Express : RHP Glen Cook
|
Pitching: RHP Glen Cook
|
|
Batting: SHB Wallace Johnson
|
0-0: Ground out U3 (Groundball, 3, EV 86.3 MPH)
|
Batting: RHB Andrew Walker
|
0-0: Foul Ball, location: 2F 0-1: Ball 1-1: Called Strike 1-2: Foul Ball, location: 2F 1-2: Strikes out swinging
|
Batting: LHB Lee Pruitt
|
0-0: Ball 1-0: Ball 2-0: Swinging Strike 2-1: Foul Ball, location: 2F 2-2: Strikes out swinging
|
Top of the 1st over - 0 runs, 0 hits, 0 errors, 0 left on base; San Antonio 0 - Round Rock 0 |
BOTTOM OF THE 1ST |
Round Rock Express batting - Pitching for San Antonio Missions : RHP Roger Clemens
|
Pitching: RHP Roger Clemens
|
|
Batting: LHB Steve Lyons
|
0-0: Called Strike 0-1: Ball 1-1: Ball 2-1: Ball 3-1: Ground out 6-3 (Groundball, 6, EV 86.3 MPH)
|
Batting: LHB Luis Armijo
|
0-0: Ground out 3-1 (Groundball, 34, EV 99.4 MPH)
|
Batting: RHB Alejandro Sanchez
|
0-0: Called Strike 0-1: Ball 1-1: Ground out 5-3 (Groundball, 5, EV 85.0 MPH)
|
Bottom of the 1st over - 0 runs, 0 hits, 0 errors, 0 left on base; San Antonio 0 - Round Rock 0 |
TOP OF THE 2ND |
San Antonio Missions batting - Pitching for Round Rock Express : RHP Glen Cook
|
Batting: RHB Larry Hamilton
|
0-0: Ball 1-0: Ball 2-0: Ball 3-0: Called Strike 3-1: Called Strike 3-2: Strikes out swinging, 2-3 out at first.
|
Batting: LHB Steven Fortune
|
0-0: Ball 1-0: Ball 2-0: Called Strike 2-1: SINGLE (Groundball, 34D, EV 103.1 MPH)
|
Batting: RHB Jack Clark
|
0-0: Ball 1-0: Fly out, F8 (Line Drive, 8LM, EV 85.6 MPH)
|
Batting: RHB Ed Hearn
|
0-0: Fly out, F9 (Flyball, 9S, EV 85.6 MPH)
|
Top of the 2nd over - 0 runs, 1 hit, 0 errors, 1 left on base; San Antonio 0 - Round Rock 0 |
BOTTOM OF THE 2ND |
Round Rock Express batting - Pitching for San Antonio Missions : RHP Roger Clemens
|
Batting: LHB Al Chambers
|
0-0: Foul Ball, location: 2F 0-1: Ball 1-1: Swinging Strike 1-2: Foul Ball, location: 2F 1-2: Ball 2-2: Ball 3-2: Fly out, F8 (Flyball, 8LM, EV 96.9 MPH)
|
Batting: RHB Gerald Miller
|
0-0: Called Strike 0-1: Foul Ball, location: 2F 0-2: Ball 1-2: Strikes out looking
|
Batting: LHB Dave Sanchez
|
0-0: Called Strike 0-1: Ball 1-1: Ball 2-1: Ball 3-1: Foul Ball, location: 2F 3-2: Fly out, F8 (Flyball, 8RS, EV 88.8 MPH)
|
Bottom of the 2nd over - 0 runs, 0 hits, 0 errors, 0 left on base; San Antonio 0 - Round Rock 0 |
TOP OF THE 3RD |
San Antonio Missions batting - Pitching for Round Rock Express : RHP Glen Cook
|
Batting: RHB Amos Lewis
|
0-0: Ball 1-0: Swinging Strike 1-1: Ball 2-1: Ball 3-1: Base on Balls
|
Batting: RHB Archie Amerson
|
0-0: Ball 1-0: Ball Amos Lewis steals 2nd base 2-0: Ball 3-0: Called Strike 3-1: Foul Ball, location: 2F 3-2: Fly out, F8 (Flyball, 78D, EV 98.1 MPH) Runner from 2nd tags up, SAFE at 3rd with throw by CF
|
Batting: SHB Wallace Johnson
|
0-0: Foul Ball, location: 2F 0-1: Ball 1-1: Swinging Strike 1-2: Fly out, F7 (Flyball, 78S, EV 93.8 MPH)
|
Batting: RHB Andrew Walker
|
0-0: Called Strike 0-1: Foul Ball, location: 2F 0-2: Ball 1-2: Ball 2-2: Ball 3-2: Foul Ball, location: 2F 3-2: Foul Ball, location: 2F 3-2: Foul Ball, location: 2F 3-2: Base on Balls
|
Batting: LHB Lee Pruitt
|
0-0: Ball 1-0: Foul Ball, location: 2F 1-1: Swinging Strike 1-2: Foul Ball, location: 2F 1-2: Ball 2-2: Ball 3-2: Base on Balls Andrew Walker to second
|
Batting: RHB Larry Hamilton
|
0-0: Fly out, F7 (Line Drive, 7, EV 95.6 MPH)
|
Top of the 3rd over - 0 runs, 0 hits, 0 errors, 3 left on base; San Antonio 0 - Round Rock 0 |
BOTTOM OF THE 3RD |
Round Rock Express batting - Pitching for San Antonio Missions : RHP Roger Clemens
|
Batting: RHB Martyn Maxwell
|
0-0: SINGLE (Flyball, 56D, EV 85.6 MPH)
|
Batting: LHB James Jennings
|
0-0: Ball 1-0: Foul Ball, location: 2F 1-1: Foul Ball, location: 2F 1-2: Foul Ball, location: 2F 1-2: Strikes out looking
|
Batting: RHB Mike Sodders
|
0-0: Ball 1-0: Called Strike 1-1: Reached on error, E7 (Flyball, 78D, EV 98.8 MPH) Martyn Maxwell to third
|
Batting: LHB Steve Lyons
|
0-0: Ball 1-0: Ball 2-0: Called Strike 2-1: Ball 3-1: Base on Balls
|
Batting: LHB Luis Armijo
|
0-0: Foul Ball, location: 2F 0-1: Ball 1-1: Called Strike 1-2: Foul Ball, location: 2F 1-2: SINGLE (Groundball, 34D, EV 94.4 MPH) Martyn Maxwell scores Mike Sodders to third Steve Lyons to second Runner from 3rd tries for Home, SAFE, throw by RF to home
|
Batting: RHB Alejandro Sanchez
|
0-0: SINGLE (Flyball, 78S, EV 92.5 MPH) Steve Lyons to third Luis Armijo to second Runner from 3rd tries for Home, SAFE, throw by LF to home
|
Batting: LHB Al Chambers
|
0-0: Called Strike Luis Armijo steals 3rd base Alejandro Sanchez to second 0-1: Ball 1-1: Foul Ball, location: 2F 1-2: Ball 2-2: Ball 3-2: SINGLE (Line Drive, 78M, EV 101.9 MPH) Luis Armijo scores Alejandro Sanchez to third Runner from 3rd tries for Home, SAFE, throw by LF to home
|
Batting: RHB Gerald Miller
|
0-0: Ball 1-0: Ball 2-0: 2-RUN HOME RUN (Line Drive, 78XD, EV 100.6 MPH), Distance : 405 ft
|
Pitching: LHP John Hills
|
|
Batting: LHB Dave Sanchez
|
0-0: Ball 1-0: Swinging Strike 1-1: Foul Ball, location: 2F 1-2: Ball 2-2: Ball 3-2: Strikes out looking
|
Batting: RHB Martyn Maxwell
|
0-0: Swinging Strike 0-1: SOLO HOME RUN (Flyball, 7D, EV 94.4 MPH), Distance : 384 ft
|
Batting: LHB James Jennings
|
0-0: Ball 1-0: Ground out 5-3 (Groundball, 56S, EV 77.5 MPH)
|
Bottom of the 3rd over - 8 runs, 6 hits, 1 error, 0 left on base; San Antonio 0 - Round Rock 8 |
TOP OF THE 4TH |
San Antonio Missions batting - Pitching for Round Rock Express : RHP Glen Cook
|
Batting: LHB Steven Fortune
|
0-0: Ball 1-0: Foul Ball, location: 2F 1-1: Called Strike 1-2: Strikes out looking
|
Batting: RHB Jack Clark
|
0-0: Called Strike 0-1: Called Strike 0-2: Ball 1-2: Foul Ball, location: 2F 1-2: Ball 2-2: Ground out U3 (Groundball, 3S, EV 83.1 MPH)
|
Batting: RHB Ed Hearn
|
0-0: Ball 1-0: Foul Ball, location: 2F 1-1: Ball 2-1: Ground out 4-3 (Groundball, 4S, EV 78.8 MPH)
|
Top of the 4th over - 0 runs, 0 hits, 0 errors, 0 left on base; San Antonio 0 - Round Rock 8 |
BOTTOM OF THE 4TH |
Round Rock Express batting - Pitching for San Antonio Missions : LHP John Hills
|
Batting: RHB Mike Sodders
|
0-0: Ball 1-0: Ball 2-0: Foul Ball, location: 2F 2-1: Foul Ball, location: 2F 2-2: Fly out, F8 (Flyball, 89D, EV 90.6 MPH)
|
Batting: LHB Steve Lyons
|
0-0: Called Strike 0-1: Ball 1-1: Called Strike 1-2: Ball 2-2: Fly out, F7 (Flyball, 78M, EV 86.9 MPH)
|
Batting: LHB Luis Armijo
|
0-0: Called Strike 0-1: DOUBLE (Line Drive, 7LD, EV 110.6 MPH)
|
Batting: RHB Alejandro Sanchez
|
0-0: Ball 1-0: Called Strike 1-1: Foul Ball, location: 2F 1-2: Ball 2-2: Strikes out swinging
|
Bottom of the 4th over - 0 runs, 1 hit, 0 errors, 1 left on base; San Antonio 0 - Round Rock 8 |
TOP OF THE 5TH |
San Antonio Missions batting - Pitching for Round Rock Express : RHP Glen Cook
|
Batting: RHB Amos Lewis
|
0-0: Ball 1-0: SINGLE (Line Drive, 7LS, EV 107.5 MPH)
|
Batting: RHB Archie Amerson
|
0-0: Ball 1-0: Ball 2-0: Ball 3-0: Called Strike 3-1: Fly out, F3 (Flyball, 3D, EV 83.8 MPH)
|
Batting: SHB Wallace Johnson
|
0-0: SINGLE (Flyball, 8LS, EV 88.8 MPH) Amos Lewis to second
|
Batting: RHB Andrew Walker
|
0-0: SINGLE (Flyball, 8RS, EV 98.1 MPH) Amos Lewis to third Wallace Johnson to second Runner from 3rd tries for Home, SAFE, throw by CF to home
|
Batting: LHB Lee Pruitt
|
0-0: Called Strike 0-1: Ball 1-1: Foul Ball, location: 2F 1-2: Ball 2-2: Grounds into double play, 4-6-3 (Groundball, 4, EV 88.8 MPH)
|
Top of the 5th over - 1 run, 3 hits, 0 errors, 1 left on base; San Antonio 1 - Round Rock 8 |
BOTTOM OF THE 5TH |
Round Rock Express batting - Pitching for San Antonio Missions : LHP John Hills
|
Batting: LHB Al Chambers
|
0-0: Ball 1-0: Ball 2-0: Ball 3-0: Base on Balls
|
Batting: RHB Gerald Miller
|
0-0: SINGLE (Flyball, 89S, EV 91.9 MPH) Al Chambers to second
|
Batting: LHB Dave Sanchez
|
0-0: Swinging Strike 0-1: Called Strike 0-2: Strikes out swinging
|
Batting: RHB Martyn Maxwell
|
0-0: Ball 1-0: Ball 2-0: Ball 3-0: Called Strike 3-1: Base on Balls Al Chambers to third Gerald Miller to second
|
Batting: LHB James Jennings
|
0-0: Ball 1-0: Ball 2-0: Ball 3-0: Base on Balls Al Chambers scores Gerald Miller to third Martyn Maxwell to second
|
Batting: RHB Mike Sodders
|
0-0: Ball 1-0: DOUBLE (Line Drive, 89D, EV 107.5 MPH) Gerald Miller scores Martyn Maxwell scores James Jennings to third
|
Batting: LHB Steve Lyons
|
0-0: Ball 1-0: Ball 2-0: Foul Ball, location: 2F 2-1: Foul Ball, location: 2F 2-2: SINGLE (Flyball, 5D, EV 97.5 MPH) James Jennings scores Mike Sodders to third Runner from 3rd tries for Home, SAFE, throw by LF to home
|
Pitching: RHP Miguel Hernandez
|
|
Batting: LHB Luis Armijo
|
0-0: Ball 1-0: Ball 2-0: Called Strike 2-1: SINGLE (Line Drive, 8LM, EV 108.8 MPH) Steve Lyons to second
|
Batting: RHB Alejandro Sanchez
|
0-0: Ball 1-0: Fly out, F8 (Flyball, 8LXD, EV 95.6 MPH) Runner from 2nd tags up, SAFE at 3rd, no throw by CF
|
Batting: LHB Al Chambers
|
0-0: Swinging Strike 0-1: Called Strike 0-2: Foul Ball, location: 2F 0-2: Ball 1-2: Ball 2-2: Ball 3-2: Foul Ball, location: 2F 3-2: Foul Ball, location: 2F 3-2: Base on Balls Luis Armijo to second
|
Batting: RHB Gerald Miller
|
0-0: Ball 1-0: Foul Ball, location: 2F 1-1: GRAND SLAM HOME RUN (Flyball, 78XD, EV 108.1 MPH), Distance : 441 ft
|
Batting: LHB Dave Sanchez
|
0-0: Ball 1-0: Ball 2-0: Called Strike 2-1: Swinging Strike 2-2: Foul Ball, location: 2F 2-2: Ground out U3 (Groundball, 3, EV 86.3 MPH)
|
Bottom of the 5th over - 9 runs, 5 hits, 0 errors, 0 left on base; San Antonio 1 - Round Rock 17 |
TOP OF THE 6TH |
San Antonio Missions batting - Pitching for Round Rock Express : RHP Glen Cook
|
Batting: RHB Larry Hamilton
|
0-0: Swinging Strike 0-1: Swinging Strike 0-2: Foul Ball, location: 2F 0-2: Ball 1-2: Ball 2-2: Ball 3-2: Foul Ball, location: 2F 3-2: Foul Ball, location: 2F 3-2: SINGLE (Line Drive, 4D, EV 94.4 MPH)
|
Batting: LHB Steven Fortune
|
0-0: Ball 1-0: Called Strike 1-1: Swinging Strike 1-2: Ball 2-2: Ball 3-2: Base on Balls Larry Hamilton to second
|
Batting: RHB Jack Clark
|
0-0: Foul Ball, location: 2F 0-1: Foul Ball, location: 2F 0-2: Ball 1-2: Ball 2-2: SINGLE (Line Drive, 7S, EV 108.8 MPH) Larry Hamilton to third Steven Fortune to second
|
Pitching: RHP Jeff Keener
|
|
Batting: RHB Ed Hearn
|
0-0: Called Strike 0-1: Swinging Strike 0-2: DOUBLE (Flyball, 89XD, EV 101.3 MPH) Larry Hamilton scores Steven Fortune scores Jack Clark to third
|
Batting: RHB Amos Lewis
|
0-0: Called Strike 0-1: Ball 1-1: Called Strike 1-2: Foul Ball, location: 2F 1-2: Ball 2-2: Foul Ball, location: 2F 2-2: Strikes out swinging
|
Batting: RHB Archie Amerson
|
0-0: Called Strike 0-1: Ground out 5-3 (Groundball, 56S, EV 81.3 MPH) Jack Clark scores
|
Batting: SHB Wallace Johnson
|
0-0: Ball 1-0: Foul Ball, location: 2F 1-1: Reached on error, E5 (Groundball, 56S, EV 75.0 MPH) Ed Hearn scores
|
Batting: RHB Andrew Walker
|
0-0: Ball 1-0: Ball 2-0: Ball 3-0: Called Strike 3-1: Called Strike 3-2: Base on Balls
|
Batting: LHB Lee Pruitt
|
0-0: Foul Ball, location: 2F 0-1: Foul Ball, location: 2F 0-2: SINGLE (Groundball, 4MD, EV 95.6 MPH) Wallace Johnson to third Andrew Walker to second Runner from 3rd tries for Home, SAFE, throw by CF to home
|
Batting: RHB Larry Hamilton
|
0-0: Ball 1-0: Fly out, F5 (Popup, 56S, EV 75.0 MPH)
|
Top of the 6th over - 5 runs, 4 hits, 1 error, 2 left on base; San Antonio 6 - Round Rock 17 |
BOTTOM OF THE 6TH |
Round Rock Express batting - Pitching for San Antonio Missions : RHP Miguel Hernandez
|
Batting: RHB Martyn Maxwell
|
0-0: SINGLE (Groundball, 6MD, EV 95.6 MPH)
|
Batting: LHB James Jennings
|
0-0: Called Strike 0-1: Foul Ball, location: 2F 0-2: Ball 1-2: Ball 2-2: Foul Ball, location: 2F 2-2: Ball 3-2: Grounds into double play, 4-6-3 (Groundball, 4D, EV 108.8 MPH)
|
Batting: RHB Mike Sodders
|
0-0: Called Strike 0-1: Called Strike 0-2: Foul Ball, location: 2F 0-2: Ground out 6-3 (Groundball, 6, EV 80.6 MPH)
|
Bottom of the 6th over - 0 runs, 1 hit, 0 errors, 0 left on base; San Antonio 6 - Round Rock 17 |
TOP OF THE 7TH |
San Antonio Missions batting - Pitching for Round Rock Express : RHP Jeff Keener
|
Pinch Hitting: RHB Leo Hernandez
|
0-0: Ball 1-0: Ball 2-0: Called Strike 2-1: Ball 3-1: Foul Ball, location: 2F 3-2: Base on Balls
|
Batting: RHB Jack Clark
|
0-0: Swinging Strike 0-1: Ball 1-1: Called Strike 1-2: Strikes out looking
|
Batting: RHB Ed Hearn
|
0-0: Ball 1-0: Ball 2-0: Called Strike 2-1: Ball 3-1: Called Strike 3-2: Strikes out swinging Leo Hernandez steals 2nd base (no throw) Batter strikes out.
|
Pinch Hitting: RHB Ivan Calderon
|
0-0: Called Strike 0-1: Ball 1-1: Ball 2-1: Called Strike 2-2: Foul Ball, location: 2F 2-2: Ball 3-2: Strikes out swinging
|
Top of the 7th over - 0 runs, 0 hits, 0 errors, 1 left on base; San Antonio 6 - Round Rock 17 |
BOTTOM OF THE 7TH |
Round Rock Express batting - Pitching for San Antonio Missions : RHP Miguel Hernandez
|
Now at 3B: Leo Hernandez
|
|
Now in CF: Ivan Calderon
|
|
Pinch Hitting: RHB Val Medina
|
0-0: Ball 1-0: SINGLE (Line Drive, 6MD, EV 105.6 MPH)
|
Batting: LHB Luis Armijo
|
0-0: Ball 1-0: Ball 2-0: Ball 3-0: Base on Balls Val Medina to second
|
Batting: RHB Alejandro Sanchez
|
0-0: Ball 1-0: Foul Ball, location: 2F 1-1: Called Strike 1-2: Strikes out swinging
|
Pinch Hitting: RHB Wayne Rohlfing
|
0-0: Called Strike 0-1: SINGLE (Flyball, 8RS, EV 95.6 MPH) Val Medina to third Luis Armijo to second
|
Batting: RHB Gerald Miller
|
0-0: Ball 1-0: Ball 2-0: Ball 3-0: Called Strike 3-1: Base on Balls Val Medina scores Luis Armijo to third Wayne Rohlfing to second
|
Batting: LHB Dave Sanchez
|
0-0: Ball 1-0: Foul Ball, location: 2F 1-1: Called Strike 1-2: Ball 2-2: Ball 3-2: Reached on error, E4 (Groundball, 4, EV 88.1 MPH) Luis Armijo scores Wayne Rohlfing to third Gerald Miller to second
|
Batting: RHB Martyn Maxwell
|
0-0: Ball 1-0: Ball 2-0: Called Strike 2-1: Called Strike 2-2: Ball 3-2: Fly out, F9 (Flyball, 89XD, EV 95.0 MPH) Runner from 3rd tags up, SCORES, no throw by RF Gerald Miller to third
|
Pitching: RHP Robert Rudi
|
|
Batting: LHB James Jennings
|
0-0: Fielders Choice at 2nd, 6-4 (Groundball, 6, EV 86.9 MPH)
|
Bottom of the 7th over - 3 runs, 2 hits, 1 error, 2 left on base; San Antonio 6 - Round Rock 20 |
TOP OF THE 8TH |
San Antonio Missions batting - Pitching for Round Rock Express : RHP Jeff Keener
|
Pitching: RHP Bret Cleland
|
|
Now at 2B: Val Medina
|
|
Now in LF: Wayne Rudolph
|
|
Batting: RHB Archie Amerson
|
0-0: Foul Ball, location: 2F 0-1: Fly out, F9 (Flyball, 89D, EV 95.0 MPH)
|
Batting: SHB Wallace Johnson
|
0-0: Called Strike 0-1: Ball 1-1: Ball 2-1: Foul Ball, location: 2F 2-2: Foul Ball, location: 2F 2-2: SINGLE (Groundball, 13S, EV 63.1 MPH) (infield hit)
|
Batting: RHB Andrew Walker
|
0-0: Ball 1-0: Foul Ball, location: 2F 1-1: Ball 2-1: Foul Ball, location: 2F 2-2: Fly out, F8 (Flyball, 8LD, EV 100.6 MPH)
|
Batting: LHB Lee Pruitt
|
0-0: Called Strike 0-1: Ball 1-1: Foul Ball, location: 2F 1-2: Foul Ball, location: 2F 1-2: Fly out, F9 (Flyball, 9, EV 86.9 MPH)
|
Top of the 8th over - 0 runs, 1 hit, 0 errors, 1 left on base; San Antonio 6 - Round Rock 20 |
BOTTOM OF THE 8TH |
Round Rock Express batting - Pitching for San Antonio Missions : RHP Robert Rudi
|
Batting: RHB Mike Sodders
|
0-0: Ball 1-0: Ball 2-0: Ball 3-0: Base on Balls
|
Batting: RHB Val Medina
|
0-0: Ball 1-0: SINGLE (Line Drive, 34D, EV 95.0 MPH) Mike Sodders to second
|
Batting: LHB Luis Armijo
|
0-0: Called Strike 0-1: Swinging Strike 0-2: Ball 1-2: Foul Ball, location: 2F 1-2: Strikes out looking
|
Batting: RHB Alejandro Sanchez
|
0-0: Swinging Strike 0-1: Foul Ball, location: 2F 0-2: Ball 1-2: Strikes out looking
|
Batting: SHB Wayne Rudolph
|
0-0: Called Strike 0-1: Called Strike 0-2: Ball 1-2: Ball 2-2: Ball 3-2: Fly out, F9 (Line Drive, 9, EV 89.4 MPH)
|
Bottom of the 8th over - 0 runs, 1 hit, 0 errors, 2 left on base; San Antonio 6 - Round Rock 20 |
TOP OF THE 9TH |
San Antonio Missions batting - Pitching for Round Rock Express : RHP Bret Cleland
|
Batting: RHB Larry Hamilton
|
0-0: Ball 1-0: Foul Ball, location: 2F 1-1: Called Strike 1-2: SINGLE (Flyball, 4MD, EV 91.3 MPH)
|
Batting: RHB Leo Hernandez
|
0-0: Called Strike 0-1: Foul Ball, location: 2F 0-2: Fly out, F8 (Flyball, 89D, EV 98.1 MPH)
|
Batting: RHB Jack Clark
|
0-0: Called Strike 0-1: Ball 1-1: Swinging Strike 1-2: SINGLE (Groundball, 6MS, EV 71.9 MPH) (infield hit) Larry Hamilton to second
|
Batting: RHB Ed Hearn
|
0-0: Ball 1-0: Ball 2-0: Called Strike 2-1: SINGLE (Flyball, 8RS, EV 84.4 MPH) Larry Hamilton to third Jack Clark to second
|
Batting: RHB Ivan Calderon
|
0-0: Called Strike 0-1: Foul Ball, location: 2F 0-2: Strikes out looking
|
Batting: RHB Archie Amerson
|
0-0: Called Strike 0-1: Ball 1-1: Ball 2-1: Swinging Strike 2-2: Foul Ball, location: 2F 2-2: Foul Ball, location: 2F 2-2: Ball 3-2: Fly out, F8 (Line Drive, 8LD, EV 92.5 MPH)
|
Top of the 9th over - 0 runs, 3 hits, 0 errors, 3 left on base; San Antonio 6 - Round Rock 20 |
|